 Dungeon Crawl Stone Soup version 0.31-a0-700-gf13585253f (webtiles) character file.

Game seed: 11934601976166478538

23 qw the Shooter (level 2, 0/17 HPs)
             Began as a Gargoyle Hunter on Sept 7, 2023.
             Slain by a hobgoblin (2 damage)
             ... on level 1 of the Dungeon.
             The game lasted 00:00:15 (339 turns).

qw the Shooter (Gargoyle Hunter)                     Turns: 339, Time: 00:00:15

Health: 0/17       AC:  5    Str: 14    XL:     2   Next: 95%
Magic:  2/2        EV: 11    Int:  9    God:
Gold:   6          SH:  0    Dex: 13    Spells: 1/1 levels left

rFire   . . .        a - +0 shortbow
rCold   . . .        (shield currently unavailable)
rNeg    + . .        c - +0 leather armour
rPois   inf          (no helmet)
rElec   +            (no cloak)
rCorr   .            (no gloves)
SInv    .            (no boots)
Will    .....        (no amulet)
Stlth   +            (no ring)
HPRegen 0.22/turn    (no ring)
MPRegen 0.08/turn

%: no passive effects
@: no status effects
A: sickness immunity, AC +2, negative energy resistance 1, electricity
resistance, torment resistance 1, petrification resistance
a: no special abilities


You were on level 1 of the Dungeon.
You visited 1 branch of the dungeon, and saw 1 of its levels.

You collected 6 gold pieces.


Innate Abilities, Weirdness & Mutations

You are immune to sickness and miasma.
Your stone body is resilient. (AC +2)
You are immune to poison.
You resist negative energy. (rN+)
You are resistant to electric shocks. (rElec)
You are resistant to unholy torment.
You are immune to petrification.


   Skills:
 - Level 2.1 Fighting
 + Level 4.8 Ranged Weapons
 - Level 1.5 Dodging
 - Level 1.1 Stealth


You had one spell level left.
You didn't know any spells.
Your spell library was empty.

Inventory:

Hand Weapons
 a - a +0 shortbow (weapon)
Armour
 c - a +0 leather armour (worn)
Jewellery
 h - an amulet of regeneration
Scrolls
 b - a scroll of butterflies
 d - 2 scrolls of immolation {unknown}
 g - a scroll of revelation {unknown}
 i - a scroll of torment {unknown}
Potions
 e - a potion of brilliance {unknown}
 f - a potion of invisibility {unknown}

Dungeon Overview and Level Annotations

Branches:
Dungeon (1/15)

Altars:

Shops:
D:1 (


Message History

A hobgoblin, an endoplasm and a kobold come into view.
Found a leather armour.
The kobold shouts!
The hobgoblin shouts!
The endoplasm quivers.
The kobold throws a stone.
The stone closely misses you.
You shoot an arrow. The arrow barely misses the kobold.
You shoot an arrow. The arrow hits the kobold.
The kobold is heavily wounded.
The kobold throws a stone.
The stone hits you but does no damage.
You shoot an arrow. The arrow hits the kobold.
The kobold is severely wounded.
You shoot an arrow. The arrow misses the kobold.
The arrow hits the endoplasm.
The endoplasm is lightly wounded.
The kobold barely misses you. The kobold closely misses you.
You shoot an arrow.
The arrow hits the kobold but does no damage.
The kobold is severely wounded.
The kobold hits you with a +0 short sword.
The hobgoblin barely misses you.
You shoot an arrow. The arrow barely misses the kobold.
The kobold hits you with a +0 short sword.
The hobgoblin hits you.
You shoot an arrow. The arrow closely misses the kobold.
The kobold hits you but does no damage. The hobgoblin hits you.
You shoot an arrow. The arrow hits the kobold!
You kill the kobold!
The endoplasm hits you but does no damage.
The hobgoblin hits you but does no damage.
You shoot an arrow.
The arrow hits the hobgoblin but does no damage.
The endoplasm freezes you.
You are frozen.
The hobgoblin misses you. The endoplasm freezes you.
You are frozen.
The hobgoblin hits you but does no damage.
You shoot an arrow.
The arrow hits the hobgoblin but does no damage.
The endoplasm hits you but does no damage.
The hobgoblin hits you.
You die...

#######.........###.#######.#.
#........\.##.........#.
#..........##.#.........
#...........#.#.........
#........>..#.#%........
#########.....%........#
....... #...#.#........#
......J##...#..........#
......g@....###...)....#
......)###..............
....... #.####........#
....... #.# ###.###.## .......
#.# #.###.# [...... .# #.....#
....... .# #.###.# ....... #.#
#.# #.# #.#


You could see an endoplasm and a hobgoblin.

Vanquished Creatures
  A dart slug (D:1)
  3 endoplasms (D:1)
  A giant cockroach (D:1)
  3 goblins (D:1)
  A hobgoblin (D:1)
  2 quokkas (D:1)
  3 bats (D:1)
  4 kobolds (D:1)
  A rat (D:1)
19 creatures vanquished.

Notes
Turn   | Place    | Note
-------+----------+-------------------------------------------
     0 | D:1      | qw the Gargoyle Hunter began the quest for the Orb.
     0 | D:1      | Reached XP level 1. HP: 12/12 MP: 1/1
     0 | D:1      | 0 ||| qw: Version: 0.3-a-76-g4403597
     0 | D:1      | 0 ||| qw: Game counter: 487
     0 | D:1      | 0 ||| qw: Melee chars always use a shield: true
     0 | D:1      | 0 ||| qw: God list: Okawaru
     0 | D:1      | 0 ||| qw: Allow faded altars: false
     0 | D:1      | 0 ||| qw: Do Orc after clearing Dungeon:15 true
     0 | D:1      | 0 ||| qw: Do second Lair branch before Depths: true
     0 | D:1      | 0 ||| qw: Lair rune preference: random
     0 | D:1      | 0 ||| qw: Goals: Normal
     0 | D:1      | 0 ||| PLANNING D:1-11
    58 | D:1      | Reached XP level 2. HP: 14/17 MP: 2/2
   157 | D:1      | Found Sexeoxu's Weapon Emporium.
   338 | D:1      | HP: 2/17 [frozen (4)]
   339 | D:1      | Slain by a hobgoblin

Levels and vault maps discovered:
D:1:      minmay_arrival_five_plusses, layout_basic, serial_shops, shop,
          minmay_surrounded

Action                     || total
---------------------------++-------
   Fire: Shortbow          ||    71
 Armour: Leather armour    ||    21
  Dodge: Dodged            ||    25

Table legend:
 A = Non-vault XP
 B = Vault XP
 C = Vault XP percentage of total XP
 D = Non-vault monster count
 E = Vault monster count
 F = Vault count percentage of total count
                 A         B        C        D         E       F
            +---------+---------+-------+---------+---------+-------
      Total |      33 |       0 |   0.0 |      19 |       0 |   0.0
            +---------+---------+-------+---------+---------+-------
        D:1 |      33 |       0 |   0.0 |      19 |       0 |   0.0
            +---------+---------+-------+---------+---------+-------
